 Seeded DCSS version 0.32-a0-612-g1c984fe9d1 (webtiles) character file.

Game seed: 8748892783387413675 (custom seed)

10930 Juicyj the Cleaver (level 11, -18/99 HPs)
             Began as a Mountain Dwarf Fighter on Mar 4, 2024.
             Was a Believer of Beogh.
             Demolished by a tentacled starspawn (30 damage)
             ... summoned by a glowing orange brain
             ... on level 1 of the Abyss.
             The game lasted 00:16:40 (8948 turns).

Juicyj the Cleaver (Mountain Dwarf Fighter)         Turns: 8948, Time: 00:16:42

Health: -18/99     AC: 17    Str: 26    XL:     11   Next: 42%
Magic:  11/11      EV: 13    Int:  9    God:    Beogh [**....]
Gold:   0          SH:  6    Dex:  9    Spells: 10/10 levels left

rFire   . . .        r - +3 broad axe (heavy)
rCold   + . .        c - +0 buckler
rNeg    . . .        q - +3 plate armour
rPois   +            (no helmet)
rElec   .            j - scarf of Tyim {repulsion, rC+ Str+3 Slay+2}
rCorr   .            (no gloves)
SInv    .            (no boots)
Will    +....        y - amulet of regeneration Stlth
                     A - +5 ring of evasion
HPRegen 0.00/turn    F - ring of poison resistance
MPRegen 0.12/turn

%: repel missiles
@: about to teleport, sick
A: runic magic, artefact enchanting
a: Renounce Religion, Smiting


You were on level 1 of the Abyss.
You worshipped Beogh.
Beogh was pleased with you.
You visited 1 branch of the dungeon, and saw 10 of its levels.
You visited the Abyss 1 time.
You also visited: Sewer and Bailey.

Inventory:

Hand Weapons
 r - a +3 heavy broad axe (weapon)
Armour
 b - a +0 scale mail
 c - a +0 buckler (worn)
 j - the scarf of Tyim (worn) {repulsion, rC+ Str+3 Slay+2}
   (You acquired it on level 1 of the Dungeon)

   Str+3:     It affects your strength (+3).
   Slay+2:    It affects your accuracy & damage with ranged weapons and melee
   (+2).
   rC+:       It protects you from cold.
 q - a +3 plate armour (worn)
Jewellery
 y - an amulet of regeneration (around neck)
 A - a +5 ring of evasion (left hand)
 F - a ring of poison resistance (right hand)
Wands
 o - a wand of paralysis (1)
 v - a wand of flame (15)
 C - a wand of acid (6)
Scrolls
 f - 3 scrolls of noise
 g - a scroll of fog
 h - a scroll of revelation
 i - a scroll of blinking {unknown}
 k - 5 scrolls of fear
 m - a scroll of silence
 p - 3 scrolls of teleportation
 t - 3 scrolls of poison
 u - 3 scrolls of identify
 B - a scroll of vulnerability
Potions
 d - 2 potions of might
 e - 3 potions of cancellation {unknown}
 l - a potion of ambrosia {unknown}
 n - 2 potions of attraction {unknown}
 s - a potion of berserk rage {unknown}
 w - 3 potions of brilliance {unknown}
 x - 5 potions of mutation {unknown}
 z - 4 potions of heal wounds {unknown}
 D - a potion of haste {unknown}
 E - a potion of curing {unknown}
 H - 3 potions of magic {unknown}
 I - a potion of resistance {unknown}


   Skills:
 + Level 9.9 Fighting
 + Level 10.3 Axes
 + Level 9.8 Armour
 * Level 4.9 Dodging
 + Level 9.8 Shields
 - Level 1.7 Shapeshifting


You had 10 spell levels left.
You didn't know any spells.
Your spell library contained the following spells:

 Spells                   Type           Power      Damage    Failure   Level
 Apportation              Tloc           0%         N/A       63%         1
 Necrotise                Necr           0%         1d4       63%         1
 Sting                    Conj/Alch      0%         1d3       63%         1
 Summon Small Mammal      Summ           0%         N/A       63%         1
 Jinxbite                 Hex            0%         N/A       77%         2
 Yara's Violent Unravell  Hex/Alch       0%         3d3       100%        5
 Enfeeble                 Hex            0%         N/A       100%        7


Dungeon Overview and Level Annotations

Branches:
Dungeon (10/15)            Temple (0/1) D:5            Lair (0/5) D:9
    Orc (0/2) D:9           Sewer (visited)          Bailey (visited)

Altars:
Ashenzari
Cheibriados
Dithmenos
Fedhas
Makhleb
Okawaru
Qazlal
Ru
Sif Muna
Uskayaw
Vehumet
Xom
Yredelemnul
Zin
Beogh

Shops:
D:6 =

Annotations:
D:10 Gryn's ghost, journeyman DjFE; Maurice


Innate Abilities, Weirdness & Mutations

Your facial features look somewhat orcish.
Your spellcasting is much less encumbered by armour.
You can use scrolls of enchantment on lesser artefacts.


Message History

The wave of grief passes through the tentacled starspawn.
The tentacled starspawn completely resists.
The wave of grief passes through you.
The tentacled starspawn attacks as it pursues you!
The tentacled starspawn bites you!
The tentacled starspawn barely misses you.
The weeping skull unleashes gushing sobs.
The wave of grief passes through the raiju.
The raiju is drained!
The wave of grief passes through the ancient zyme.
The ancient zyme completely resists.
The wave of grief passes through the tentacled starspawn.
The tentacled starspawn completely resists.
The wave of grief passes through you.
You barely miss the tentacled starspawn.
The tentacled starspawn is severely damaged.
The raiju is engulfed in excruciating misery.
The weeping skull's misery overflows.
The wave of grief passes through the raiju.
The raiju is drained!
The wave of grief passes through the ancient zyme.
The ancient zyme completely resists.
The wave of grief passes through the tentacled starspawn.
The tentacled starspawn completely resists.
The wave of grief passes through you.
A small abomination comes into view.
The tentacled starspawn bites you!!
The tentacled starspawn tentacle-slaps you!
* * * LOW HITPOINT WARNING * * *
You feel less confused.
You are no longer terrified.
The small abomination hits you.
* * * LOW HITPOINT WARNING * * *
Okay, then.
As you read the scroll of teleportation, it crumbles to dust.
You feel strangely unstable.
You feel the power of the Abyss delaying your translocation!
The small abomination hits you!
* * * LOW HITPOINT WARNING * * *
The tentacled starspawn bites you!!
You die...

. . ##. # #. ...#. .
... ###.# # #. ...
...#.# ...# #.......#
.... ####.#. #
..##..##X#.#.# #
......x@#°#°#. .......
...#.#..##x###.#....x#
#>.# Gh°..#.#...§
..##..#z#.# . ## ...
..#... #. .# .#.# ###°
° . . . .#.. # #. # ##
.#... #. .


You could see a tentacled starspawn (summoned) and a small abomination.

Vanquished Creatures
  2 vault guards (Bailey)
  A two-headed ogre (D:10)
  Sonja (D:10)
  A manticore (D:9)
  A kobold demonologist (D:10)
  Psyche (D:10)
  Grinder (D:6)
  Prince Ribbit (Bailey)
  A shadow (D:10)
  2 wraiths
  3 yaks (D:10)
  A small abomination (Abyss:1)
  4 humans (Bailey)
  A steam dragon (D:7)
  7 water moccasins
  An acid dragon (D:8)
  4 orc warriors
  A sky beast (D:7)
  2 black bears
  3 ice beasts
  3 ogres
  A centaur (D:10)
  2 phantoms
  4 kobold brigands
  A weeping skull (Abyss:1)
  2 brain worms (Sewer)
  11 bullfrogs
  A gnoll sergeant (D:5)
  4 scorpions
  4 wights (D:8)
  14 killer bees
  A howler monkey (D:6)
  2 lava snakes (D:7)
  A jelly (D:5)
  2 hounds
  3 orc priests
  A gnoll bouda (D:7)
  4 sleepcaps
  Jessica (D:3)
  3 iguanas
  Ijyb (D:2)
  5 orc wizards
  Robin (D:2)
  14 gnolls
  3 river rats (Sewer)
  10 adders
  A shadow imp (D:5)
  3 white imps
  2 ufetubi (D:7)
  3 dart slugs
  4 ribbon worms
  27 orcs
  2 ball pythons
  3 bats
  10 endoplasms
  5 giant cockroaches
  21 goblins
  8 hobgoblins
  2 jackals (Sewer)
  8 quokkas
  6 frilled lizards
  22 kobolds
  5 rats
270 creatures vanquished.

Vanquished Creatures (others)
  2 orc warriors (D:7)
  A centaur (D:7)
  A bullfrog (D:7)
  2 scorpions (D:7)
  2 orc priests
  2 orcs (D:9)
  A starspawn tentacle (Abyss:1)
11 creatures vanquished.

Grand Total: 281 creatures vanquished

Notes
Turn   | Place    | Note
-------+----------+-------------------------------------------
     0 | D:1      | Juicyj the Mountain Dwarf Fighter began the quest for the
                  | Orb.
     0 | D:1      | Reached XP level 1. HP: 19/19 MP: 1/1
   151 | D:1      | Reached XP level 2. HP: 26/26 MP: 2/2
   187 | D:1      | Identified a scroll of acquirement
   187 | D:1      | Acquired the scarf of Tyim {repulsion, rC+ Str+3 Slay+2}
   624 | D:2      | Noticed Robin
   632 | D:2      | Reached skill level 3 in Axes
   639 | D:2      | Killed Robin
   640 | D:2      | Reached XP level 3. HP: 17/33 MP: 3/3
   950 | D:2      | Noticed Ijyb
   976 | D:2      | Killed Ijyb
   977 | D:2      | Reached XP level 4. HP: 30/40 MP: 4/4
  1173 | D:2      | Found a snail-covered altar of Cheibriados.
  1347 | D:3      | Noticed Jessica
  1351 | D:3      | Killed Jessica
  1391 | D:3      | HP: 1/40 [gnoll/+0 club (5)]
  1397 | D:3      | Reached XP level 5. HP: 1/46 MP: 5/5
  1409 | D:3      | Found a basalt altar of Yredelemnul.
  1642 | D:3      | Found an iron altar of Okawaru.
  1921 | D:3      | Found a hide-covered altar of Uskayaw.
  1954 | D:3      | Reached skill level 4 in Axes
  2295 | D:4      | Noticed a phantom
  2306 | D:4      | Killed a phantom
  2307 | D:4      | Reached XP level 6. HP: 53/53 MP: 6/6
  2357 | D:4      | Found a glowing drain.
  2377 | Sewer    | Entered a sewer
  2443 | Sewer    | Reached skill level 5 in Fighting
  2443 | Sewer    | Reached skill level 5 in Armour
  2443 | Sewer    | Reached skill level 5 in Shields
  2692 | Sewer    | Reached XP level 7. HP: 48/61 MP: 4/7
  2759 | Sewer    | Reached skill level 5 in Axes
  4227 | D:5      | Entered Level 5 of the Dungeon
  4238 | D:5      | Found a burning altar of Makhleb.
  4333 | D:5      | Reached skill level 6 in Axes
  4333 | D:5      | Reached XP level 8. HP: 52/70 MP: 8/8
  4430 | D:5      | Found a staircase to the Ecumenical Temple.
  4441 | D:5      | Found a shadowy altar of Dithmenos.
  4789 | D:5      | Found a broken altar of Ashenzari.
  4794 | D:5      | Identified the +0 robe "Mischiedd" {rN+++ Str-5 Slay+2}
  5031 | D:6      | Found Opnuihokh's Jewellery Shoppe.
  5156 | D:6      | Reached skill level 7 in Axes
  5166 | D:6      | Noticed Grinder
  5190 | D:6      | Paralysed by Grinder for 5 turns
  5197 | D:6      | Killed Grinder
  5198 | D:6      | Reached XP level 9. HP: 44/79 MP: 9/9
  5584 | D:7      | Found a shimmering altar of Xom.
  5648 | D:7      | Noticed Maurice
  5665 | D:7      | Something stole a throwing net
  5666 | D:7      | Something stole 258 gold
  5666 | D:7      | HP: 4/80 [killer bee (5)]
  5667 | D:7      | Became a worshipper of Beogh the Shepherd
  5671 | D:7      | Found a flagged portal.
  5826 | D:7      | Reached skill level 8 in Axes
  5855 | Bailey   | Entered a bailey
  5942 | Bailey   | Reached skill level 1 in Shapeshifting
  5946 | Bailey   | Reached * piety under Beogh
  5974 | Bailey   | Noticed a vault guard
  5974 | Bailey   | Noticed Prince Ribbit
  5986 | Bailey   | Killed a vault guard
  5987 | Bailey   | Reached skill level 1 in Dodging
  5987 | Bailey   | Reached XP level 10. HP: 13/90 MP: 10/10
  5991 | Bailey   | Killed Prince Ribbit
  6072 | Bailey   | Noticed a vault guard
  6080 | Bailey   | Killed a vault guard
  6081 | Bailey   | Reached skill level 9 in Axes
  6209 | D:7      | Found a radiant altar of Vehumet.
  6310 | D:7      | Found a sacrificial altar of Ru.
  6310 | D:7      | Found a glowing silver altar of Zin.
  6518 | D:7      | Found a shimmering blue altar of Sif Muna.
  6824 | D:8      | Found a snail-covered altar of Cheibriados.
  7308 | D:8      | Found a stormy altar of Qazlal.
  7505 | D:9      | Reached ** piety under Beogh
  7550 | D:9      | Found a staircase to the Lair.
  7559 | D:9      | Found a staircase to the Orcish Mines.
  7604 | D:9      | Found a blossoming altar of Fedhas.
  7752 | D:9      | Found a roughly hewn altar of Beogh.
  7776 | D:9      | Noticed a manticore
  7783 | D:9      | Killed a manticore
  7784 | D:9      | Reached XP level 11. HP: 82/97 MP: 11/11
  8271 | D:10     | Entered Level 10 of the Dungeon
  8323 | D:10     | Noticed Urug
  8331 | D:10     | Reached skill level 10 in Axes
  8336 | D:10     | Pacified Urug
  8364 | D:10     | Noticed a two-headed ogre
  8370 | D:10     | Killed a two-headed ogre
  8448 | D:10     | Noticed Sonja
  8464 | D:10     | Killed Sonja
  8630 | D:10     | Noticed Gryn's ghost (journeyman DjFE)
  8631 | D:10     | Noticed a lich
  8631 | D:10     | Noticed a necromancer
  8631 | D:10     | Noticed a deep elf knight
  8632 | D:10     | Noticed a skeletal warrior
  8674 | D:10     | Noticed Psyche
  8677 | D:10     | Killed Psyche
  8853 | D:10     | Something stole a ring of positive energy
  8854 | D:10     | Something stole a +0 war axe
  8890 | D:10     | Something stole a throwing net
  8891 | D:10     | Something stole 162 gold
  8897 | Abyss:1  | Cast into level 1 of the Abyss (Maurice)
  8935 | Abyss:1  | Noticed a glowing orange brain
  8937 | Abyss:1  | Noticed a tentacled starspawn
  8941 | Abyss:1  | Noticed a large abomination
  8948 | Abyss:1  | Demolished by a tentacled starspawn

Illustrated notes

Levels and vault maps discovered:
D:1:      evilmike_arrival_plus, layout_rooms, hangedman_decor_opposing
D:2:      kennysheep_the_goblin_king, layout_basic, basic_altar, uniq_robin
D:3:      layout_basic, nicolae_overflow_crystal_walls,
          mainiacjoe_overflow_alcove_2, mainiacjoe_overflow_cross_hatched,
          hellmonk_no_cap, uniq_jessica
D:4:      kennysheep_spiral_hall, layout_basic, portal_sewer_entry_f,
          kennysheep_generic_room_15
D:5:      layout_loops_ring, nicolae_dithmenos_through_a_glass_darkly,
          lemuel_round_altar, lemuel_crystal_altar,
          minmay_temple_entry_butterflies
D:6:      layout_basic, serial_shops, shop, uniq_grinder
D:7:      layout_basic, xom_confusion_cloud, nicolae_vehumet_altar_sigil,
          lemuel_crystal_altar, nicolae_overflow_two_pavilions, enter_bailey_4,
          minivault_26, uniq_maurice
D:8:      layout_cave_pods, chei_slow_surprise,
          nicolae_qazlal_style_of_elements, serial_glass, glass_columns_a,
          glass_columns_a
D:9:      layout_basic, mainiacjoe_overflow_boulevard,
          due_lair_maze_entry_diamond, minmay_orc_entry_temple_small,
          hangedman_abyss_or_decor_clamps
D:10:     layout_basic, muffindrake_ghost_dual_entry, uniq_sonja, uniq_psyche,
          uniq_urug
Abyss:1:  base:
D:3

Skill      XL: |  1  2  3  4  5  6  7  8  9 10 11 |
---------------+----------------------------------+-----
Axes           | 3 4 6 7 8 9 10 | 10.3
Armour         | 4 5 6 7 8 9 |  9.8
Shields        | 4 5 6 7 8 9 |  9.8
Fighting       | 4 5 6 7 8 9 |  9.9
Shapeshifting  | 1 |  1.7
Dodging        | 1 3 4 |  4.9

Action                     |  1- 3 |  4- 6 |  7- 9 | 10-12 || total
---------------------------+-------+-------+-------+-------++-------
  Melee: War axe           |    84 |   169 |   371 |     3 ||   627
         Broad axe         |       |       |       |   174 ||   174
 Invoke: Convert to Beogh  |       |       |     1 |       ||     1
  Evoke: Wand              |       |     1 |       |     4 ||     5
    Use: Scroll            |     1 |       |     7 |    13 ||    21
         Potion            |       |     1 |     2 |     1 ||     4
   Stab: Paralysed         |       |       |       |     3 ||     3
 Armour: Scale mail        |    67 |    24 |       |       ||    91
         Plate armour      |       |   103 |   361 |   244 ||   708
  Dodge: Dodged            |    48 |    74 |   224 |   171 ||   517
         Repelled          |     1 |     2 |     7 |    12 ||    22
  Block: Buckler           |    23 |    39 |   134 |    72 ||   268

Table legend: (Time is in decaauts)
 A = Elapsed time spent in this place.
 B = Non-inter-level travel time spent in this place.
 C = Inter-level travel time spent in this place.
 D = Time resting spent in this place.
 E = Time spent auto-exploring this place.
 F = Levels seen in this place.
 G = Mean time per level.
                   A        B        C        D        E       F      G
               +--------+--------+--------+--------+--------+-----+--------+
         Total |   9392 |   9053 |    339 |    163 |   6851 |  13 |  722.5 |
       Dungeon |   7923 |   7584 |    339 |    144 |   5816 |  10 |  792.3 |
         Abyss |     55 |     55 |      0 |      0 |      0 |   1 |   55.0 |
         Sewer |   1075 |   1075 |      0 |      0 |    873 |   1 | 1075.0 |
        Bailey |    337 |    337 |      0 |     19 |    162 |   1 |  337.0 |
               +--------+--------+--------+--------+--------+-----+--------+

Top non-repeatable levels by time:
     D:4: 1113 daAuts
   Sewer: 1075 daAuts
     D:3: 957 daAuts
     D:2: 876 daAuts
     D:7: 874 daAuts
     D:9: 814 daAuts
     D:8: 808 daAuts
     D:5: 715 daAuts
    D:10: 666 daAuts
     D:6: 594 daAuts
     D:1: 503 daAuts
  Bailey: 337 daAuts
 Abyss:1: 55 daAuts
